 Dungeon Crawl Stone Soup version 0.23-a0-451-g1044d4c (webtiles) character file.

23523 mhoghedin the Covert (level 13, -2/82 HPs)
             Began as a Kobold Artificer on Nov 21, 2018.
             Was a High Priest of Elyvilon.
             Slain by a polar bear (7 damage)
             ... on level 6 of the Lair of Beasts on Nov 23, 2018.
             The game lasted 00:28:34 (15710 turns).

mhoghedin the Covert (Kobold Artificer)            Turns: 15710, Time: 00:28:34

Health: -2/82      AC:  9    Str: 17    XL:     13   Next: 35%
Magic:  21/21      EV: 19    Int: 19    God:    Elyvilon [*****.]
Gold:   477        SH:  6    Dex: 12    Spells: 12/12 levels left

rFire    . . .     SeeInvis .   s - +4 falchion of Dawn {venom, Fragile rElec rN+ Int+4}
rCold    . . .     Gourm    .   K - +0 buckler {rPois}
rNeg     + . .     Faith    +   T - +1 robe of Context {Regen+ Int+2 Slay+6}
rPois    +         Spirit   .   n - +1 hat
rElec    +         Reflect  .   M - scarf {repulsion}
rCorr    .         Harm     .   j - +1 pair of gloves
MR       +....                  (no boots)
Stlth    ++++++....             J - amulet of faith {Faith, !P}
HPRegen  0.63/turn              L - +3 ring of protection
MPRegen  0.17/turn              R - ring "Qeifem" {+Blink MR+ Str+3 Dex-3 Stlth+}

@: repel missiles
A: small, carnivore
a: Lesser Healing, Heal Other, Purification, Greater Healing, Divine Vigour,
Divine Protection, Renounce Religion, Evoke Blink


You were on level 6 of the Lair of Beasts.
You worshipped Elyvilon.
Elyvilon was extremely pleased with you.
You were very full.

You visited 3 branches of the dungeon, and saw 18 of its levels.

You collected 941 gold pieces.
You spent 464 gold pieces at shops.

Inventory:

Hand Weapons
 a - a +3 dagger of electrocution
   (You took it off an orc on level 4 of the Dungeon)
 b - a +2 hunting sling of flaming
   (You found it on level 2 of the Dungeon)
 s - the +4 falchion of Dawn (weapon) {venom, Fragile rElec rN+ Int+4}
   (You found it on level 5 of the Lair of Beasts)

   It poisons the flesh of those it strikes.
   It affects your intelligence (+4).
   It insulates you from electricity.
   It protects you from negative energy.
   It will be destroyed if unequipped.
Missiles
 q - 631 stones (quivered)
Armour
 j - a +1 pair of gloves (worn)
   (You found it on level 1 of the Dungeon)
 n - a +1 hat (worn)
   (You found it on level 4 of the Dungeon)
 K - a +0 buckler of poison resistance (worn)
   (You took it off a spriggan on level 1 of the Lair of Beasts)
 M - a scarf of repulsion (worn)
   (You bought it in a shop on level 4 of the Dungeon)
 T - the +1 robe of Context (worn) {Regen+ Int+2 Slay+6}
   (You found it on level 4 of the Lair of Beasts)

   It affects your intelligence (+2).
   It affects your accuracy and damage with ranged weapons and melee attacks
   (+6).
   It increases your rate of regeneration.
Jewellery
 o - an uncursed ring of see invisible {sInv, !d}
   (You found it on level 8 of the Dungeon)
 p - an uncursed ring of protection from cold {rC+, !d}
   (You found it on level 5 of the Lair of Beasts)
 r - an uncursed ring of protection from magic {MR+, !d}
   (You found it on level 2 of the Dungeon)
 x - an uncursed ring of fire {rF+, rC-}
   (You found it on level 6 of the Dungeon)
 D - an uncursed ring of protection from cold {rC+, !d}
   (You found it on level 9 of the Dungeon)
 E - an uncursed ring of magical power {MP+9}
   (You found it on level 9 of the Dungeon)
 F - an uncursed amulet of guardian spirit {Spirit}
   (You found it on level 9 of the Dungeon)
 J - an amulet of faith (around neck) {Faith, !P}
   (You found it on level 1 of the Lair of Beasts)
 L - a +3 ring of protection (left hand)
   (You found it on level 1 of the Lair of Beasts)
 P - an uncursed ring of protection from cold {rC+, !d}
   (You found it on level 4 of the Lair of Beasts)
 R - the ring "Qeifem" (right hand) {+Blink MR+ Str+3 Dex-3 Stlth+}
   (You found it on level 4 of the Lair of Beasts)

   [ring of stealth]

   It affects your strength (+3).
   It affects your dexterity (-3).
   It affects your resistance to hostile enchantments.
   It lets you blink.
   It makes you more stealthy.
 V - an uncursed ring of protection from fire {rF+, !d}
   (You found it on level 4 of the Lair of Beasts)
Wands
 c - a wand of flame (53)
 d - a wand of enslavement (25)
 H - a wand of acid (8)
   (You found it on level 10 of the Dungeon)
 O - a wand of disintegration (24)
   (You found it on level 3 of the Lair of Beasts)
 S - a wand of scattershot (4)
   (You found it on level 4 of the Lair of Beasts)
Scrolls
 h - 6 scrolls of teleportation
 i - 3 scrolls of fog
 t - 3 scrolls of blinking {!r}
 w - a scroll of amnesia
 y - 2 scrolls of remove curse
 C - 4 scrolls of fear
 Q - 2 scrolls of enchant armour
Potions
 e - a potion of ambrosia {unknown}
 g - 2 potions of invisibility
 k - 6 potions of curing
 l - 4 potions of flight
 m - 3 potions of heal wounds
 v - 5 potions of might
 A - a potion of magic {unknown}
 B - 2 potions of berserk rage {!q}
 G - a potion of mutation {unknown}
 I - a potion of brilliance {unknown}
 N - a potion of degeneration {unknown}
Comestibles
 f - 20 rations


   Skills:
 - Level 10.2 Fighting
 - Level 10.0(10.9) Short Blades
 + Level 4.6(6.2) Long Blades
 - Level 6.7 Slings
 - Level 8.7 Dodging
 - Level 11.0 Stealth
 - Level 5.4 Shields
 - Level 10.7 Invocations
 - Level 3.6 Evocations


You had 12 spell levels left.
You didn't know any spells.
Your spell library contained the following spells:

 Spells                   Type           Power        Failure   Level  Hunger
 Animate Skeleton         Necr           N/A          21%         1    ##.....
 Apportation              Tloc           #.....       21%         1    ##.....
 Beastly Appendage        Tmut           #.....       21%         1    ##.....
 Confusing Touch          Hex            #.....       21%         1    ##.....
 Summon Small Mammal      Summ           #...         21%         1    ##.....
 Blink                    Tloc           N/A          30%         2    ###....
 Call Imp                 Summ           #.......     30%         2    ###....
 Poisonous Vapours        Pois/Air       #.....       30%         2    ###....
 Shroud of Golubria       Chrm/Tloc      #.........   30%         2    ###....
 Sticks to Snakes         Tmut           #.......     30%         2    ###....
 Call Canine Familiar     Summ           #.......     52%         3    ####...
 Confuse                  Hex            #.......     52%         3    ####...
 Conjure Flame            Conj/Fire      #.......     52%         3    ####...
 Gell's Gravitas          Tloc           #.........   52%         3    ####...
 Lesser Beckoning         Tloc           #.........   52%         3    ####...
 Mephitic Cloud           Conj/Pois/Air  #.......     52%         3    ####...
 Spider Form              Tmut/Pois      #.........   52%         3    ####...
 Summon Guardian Golem    Hex/Summ       #.......     52%         3    ####...
 Teleport Other           Tloc           #.......     52%         3    ####...
 Ice Form                 Ice/Tmut       #.......     90%         4    #####..
 Passage of Golubria      Tloc           N/A          90%         4    #####..
 Petrify                  Tmut/Erth      #.......     90%         4    #####..
 Summon Ice Beast         Ice/Summ       #.......     90%         4    #####..
 Summon Lightning Spire   Summ/Air       #.......     90%         4    #####..
 Blade Hands              Tmut           #.........   99%         5    ######.
 Irradiate                Conj/Tmut      #.........   99%         5    ######.
 Metabolic Englaciation   Hex/Ice        #.........   99%         5    ######.
 Yara's Violent Unravell  Hex/Tmut       #.........   99%         5    ######.
 Freezing Cloud           Conj/Ice/Air   #.........   100%        6    #######
 Hydra Form               Tmut           #.........   100%        6    #######
 Statue Form              Tmut/Erth      #........    100%        6    #######
 Dragon Form              Tmut           #.........   100%        7    #######
 Ring of Flames           Chrm/Fire      #.........   100%        7    #######


Dungeon Overview and Level Annotations

Branches:
Dungeon (11/15)            Temple (1/1) D:7            Lair (6/6) D:10
 Shoals (0/4) Lair:4        Snake (0/4) Lair:2          Orc (0/2) D:10
  Slime: Lair:5-6

Altars:
Ashenzari
Cheibriados
Dithmenos
Elyvilon
Fedhas
Gozag
Hepliaklqana
Kikubaaqudgha
Makhleb
Nemelex Xobeh
Okawaru
Qazlal
Ru
Sif Muna
Trog
Uskayaw
Vehumet
Wu Jian
Xom
Yredelemnul
Zin
The Shining One

Shops:
D:4 *   D:8 %

Annotations:
Lair:6 exclusion: 2 oklob plants


Innate Abilities, Weirdness & Mutations

You are small and have problems with some larger weapons.
You are carnivorous and can eat meat at any time.


Message History

The catoblepas gores the elephant!!
You take 1 damage, and have 47/82 hp.
You feel sick.
The sea snake bites the elephant.
The elephant looks as sick as possible!
The sea snake poisons the elephant!
The elephant tramples the sea snake.
The sea snake stumbles backwards!
The catoblepas gores the elephant!!
The sea snake bites the elephant!
The elephant dies!
You feel sick.
You feel sick.
You see here a crocodile corpse.
You take 1 damage, and have 47/82 hp.
You feel sick.
The spiny frog looks more healthy.
You feel sick. The crocodile completely misses you.
You riposte.
You closely miss the crocodile.
MP restored: 21 You feel sick.
You block the polar bear's attack. The polar bear closely misses you.
The polar bear claws you.
You take 2 damage, and have 46/82 hp.
You feel sick. The polar bear completely misses you.
You riposte.
You barely miss the polar bear. The polar bear completely misses you.
You block the polar bear's attack.
You feel sick.
You feel sick.
There is a stone staircase leading up, spattered with blood here.
You slash the elephant!
The elephant is poisoned.
You feel sick.
You are no longer poisoned.
The crocodile bites you!! The elephant barely misses you.
The elephant trunk-slaps you but does no damage.
You take 19 damage, and have 33/82 hp.
MASSIVE DAMAGE!!
The spiny frog closely misses you. The crocodile closely misses you.
You riposte.
You hit the crocodile.
The crocodile is poisoned.
The elephant tramples you.
You stumble backwards!
You stop ascending the stairs.
Unknown command.
Unknown command.
You closely miss the spiny frog. The spiny frog misses you.
The elephant tramples you!!
* * * LOW HITPOINT WARNING * * *
You hold your ground!
The elephant trunk-slaps you but does no damage.
You take 19 damage, and have 14/82 hp.
MASSIVE DAMAGE!!
You are healed.
You feel quite a bit less full.
You kill the elephant!
The spiny frog completely misses you.
You regained 25 hp, and now have 39/82 hp.
You now have 19/21 mp.
Unknown command.
Unknown command.
You slash the spiny frog! The crocodile completely misses you.
You riposte.
You slash the crocodile! The spiny frog completely misses you.
You slash the spiny frog!
You kill the spiny frog!
The polar bear misses you. x2; The polar bear claws you.
The crocodile completely misses you.
You take 1 damage, and have 39/82 hp.
You hit the crocodile.
The crocodile looks as sick as possible!
The polar bear bites you. The polar bear misses you. x2
You block the crocodile's attack.
You take 4 damage, and have 35/82 hp.
You hit the crocodile but do no damage.
The crocodile looks as sick as possible!
You kill the crocodile!
The polar bear completely misses you. You block the polar bear's attack.
The polar bear claws you but does no damage.
You slash the polar bear!
The polar bear is poisoned.
The polar bear bites you! The polar bear completely misses you.
The polar bear closely misses you.
You take 11 damage, and have 25/82 hp.
Unknown command.
The catoblepas goes up the stairs.
You block the polar bear's attack.
The polar bear claws you but does no damage. x2
MP restored: 21 You closely miss the polar bear.
You hit the polar bear.
The polar bear looks as sick as possible!
The polar bear completely misses you. The polar bear misses you.
You block the polar bear's attack.
You slash the polar bear!
The polar bear looks as sick as possible!
The polar bear bites you!
* * * LOW HITPOINT WARNING * * *
The polar bear misses you. You block the polar bear's attack.
You take 16 damage, and have 14/82 hp.
The polar bear completely misses you. x2; The polar bear misses you.
The polar bear goes berserk!
The polar bear bites you!
* * * LOW HITPOINT WARNING * * *
You block the polar bear's attack. x2
You take 12 damage, and have 4/82 hp.
The polar bear misses you.
You riposte.
You slash the polar bear!
The polar bear looks as sick as possible!
The polar bear misses you. The polar bear claws you!
You die...

###.....................#
#.##...................P#
.##....^............#..##
..#.................####
.....................####
#.............)...#.#...#
..................#.....##
...<..................<..#
......Y..PP.....@h......##
.........P#..............#
....#.#..####P..........##
....†...## ###.........#
..#P.....# ##?.......#
..≈.≈.P.## #.........#
##≈≈[#≈.# ##.###....#
#.≈≈##≈.P# #.. ##...#
≈P≈≈≈≈≈.## #.. #####


You could see a polar bear (berserk).

Vanquished Creatures
  A lindwurm (Lair:5)
  A manticore (D:11)
  A black mamba (Lair:2)
  5 elephants
  A centaur skeleton (D:9)
  7 spiny frogs
  2 trolls
  A polar bear (Lair:4)
  4 hippogriffs
  A snapping turtle (Lair:4)
  4 blink frogs (Lair:5)
  11 spriggans (Lair:1)
  2 wyverns
  A hog (D:7)
  A human (D:7)
  3 basilisks
  25 yaks
  A warg (D:10)
  Menkaure (D:6)
  3 nagas (Lair:2)
  3 porcupines
  8 water moccasins
  2 orc warriors
  An ice beast (D:5)
  A black bear (D:10)
  8 ogres
  2 centaurs
  3 wolves (Lair:5)
  8 crocodiles
  A big kobold (D:7)
  10 bullfrogs
  4 scorpions
  7 killer bees
  3 howler monkeys
  7 crimson imps
  2 centaur zombies
  A quasit (D:7)
  3 hounds
  4 orc priests
  3 jellies
  11 orc wizards
  2 bullfrog skeletons
  3 iguanas
  12 worker ants
  A hound zombie (D:8)
  2 worker ant zombies
  3 gnolls (D:2)
  8 adders
  2 shadow imps
  An ooze (D:1)
  7 adder skeletons
  A worm (D:5)
  A dart slug (D:2)
  2 leopard geckos
  31 orcs
  6 bats
  7 giant cockroaches
  4 goblins
  3 hobgoblins
  8 jackals
  6 quokkas
  2 ball pythons
  A ball python skeleton (D:4)
  5 frilled lizards
  A giant cockroach zombie (D:5)
  9 kobolds
  2 leopard gecko zombies
  4 rats
  A butterfly (D:10)
  A plant (Lair:6)
304 creatures vanquished.

Vanquished Creatures (collateral kills)
  A hog (D:7)
1 creature vanquished.

Vanquished Creatures (others)
  2 elephants
  A rime drake (Lair:6)
  A komodo dragon (Lair:1)
  A polar bear (Lair:6)
  2 hogs (D:7)
  A yak (Lair:1)
  A porcupine (Lair:4)
9 creatures vanquished.

Grand Total: 314 creatures vanquished

Notes
Turn   | Place    | Note
-------+----------+-------------------------------------------
     0 | D:1      | mhoghedin the Kobold Artificer began the quest for the Orb.
     0 | D:1      | Reached XP level 1. HP: 12/12 MP: 3/3
   114 | D:1      | Reached skill level 2 in Stealth
   114 | D:1      | Reached XP level 2. HP: 12/16 MP: 4/4
   139 | D:1      | Reached skill level 2 in Short Blades
   488 | D:2      | Reached XP level 3. HP: 20/21 MP: 5/5
   502 | D:2      | Reached skill level 2 in Fighting
  1132 | D:2      | Reached skill level 1 in Slings
  1140 | D:2      | Reached XP level 4. HP: 23/26 MP: 6/6
  1157 | D:2      | Reached skill level 2 in Slings
  2231 | D:3      | Reached XP level 5. HP: 29/30 MP: 7/7
  2347 | D:3      | Reached skill level 3 in Slings
  2514 | D:3      | You fall through a shaft for 3 floors!
  2539 | D:5      | Entered Level 5 of the Dungeon
  2565 | D:5      | Reached skill level 4 in Slings
  2643 | D:5      | Reached XP level 6. HP: 35/35 MP: 8/8
  2853 | D:5      | HP: 7/35 [adder (2)]
  3011 | D:5      | Noticed an ice beast
  3072 | D:5      | Reached skill level 5 in Slings
  3203 | D:5      | Found a shimmering altar of Xom.
  3265 | D:5      | Found a shimmering altar of Xom.
  3268 | D:5      | Found a shimmering altar of Xom.
  3268 | D:5      | Found a shimmering altar of Xom.
  3269 | D:5      | Found a shimmering altar of Xom.
  3373 | D:5      | Killed an ice beast
  3373 | D:5      | Reached skill level 6 in Slings
  3373 | D:5      | Reached XP level 7. HP: 40/40 MP: 9/9
  3760 | D:5      | Reached skill level 3 in Stealth
  4168 | D:4      | Reached skill level 3 in Short Blades
  4198 | D:4      | Reached skill level 3 in Dodging
  4207 | D:4      | Reached XP level 8. HP: 39/45 MP: 10/10
  4460 | D:4      | Found Ishreot's Assorted Antiques.
  4553 | D:6      | Noticed a troll
  4562 | D:6      | Killed a troll
  4562 | D:6      | Reached skill level 3 in Fighting
  4562 | D:6      | Reached skill level 4 in Short Blades
  4562 | D:6      | Reached skill level 4 in Stealth
  4745 | D:6      | Found a glowing golden altar of the Shining One.
  4853 | D:6      | Reached skill level 4 in Dodging
  4962 | D:6      | Found a burning altar of Makhleb.
  4981 | D:6      | Reached skill level 5 in Stealth
  5066 | D:6      | Noticed Menkaure
  5080 | D:6      | Killed Menkaure
  5080 | D:6      | Reached skill level 4 in Fighting
  5168 | D:7      | Noticed a hippogriff
  5180 | D:7      | Killed a hippogriff
  5180 | D:7      | Reached skill level 5 in Short Blades
  5180 | D:7      | Reached XP level 9. HP: 37/52 MP: 11/11
  5185 | D:7      | Reached skill level 5 in Dodging
  5185 | D:7      | Reached skill level 6 in Stealth
  5189 | D:7      | HP: 13/52 [ogre/cursed -1 giant club (13)]
  5324 | D:7      | Reached skill level 5 in Fighting
  5333 | D:7      | Reached skill level 6 in Short Blades
  5404 | D:7      | Found a staircase to the Ecumenical Temple.
  5421 | Temple   | Entered the Ecumenical Temple
  5700 | Temple   | Became a worshipper of Elyvilon the Healer
  5956 | D:7      | Reached skill level 7 in Stealth
  5999 | D:7      | Reached skill level 6 in Dodging
  6108 | D:7      | Reached * piety under Elyvilon
  6426 | D:7      | Reached skill level 7 in Short Blades
  6436 | D:7      | Reached skill level 6 in Fighting
  6553 | D:4      | Bought a spiked chain mail for 190 gold pieces
  6563 | D:4      | Identified the +4 chain mail of the Accordion {Dex+4} (You
                  | bought it in a shop on level 4 of the Dungeon)
  6729 | D:8      | Reached skill level 8 in Stealth
  6753 | D:8      | Reached XP level 10. HP: 60/60 MP: 12/12
  6789 | D:7      | HP: 14/60 [poisoned by a killer bee]
  6792 | D:7      | HP: 6/60 [poisoned by a killer bee]
  6932 | D:8      | Found Nisyod's Food Shoppe.
  7043 | D:8      | Reached skill level 7 in Dodging
  7358 | D:9      | HP: 7/61 [ogre/+0 giant club (12)]
  7570 | D:9      | Reached skill level 8 in Short Blades
  7665 | D:9      | Reached ** piety under Elyvilon
  7703 | D:9      | Reached skill level 9 in Stealth
  7832 | D:9      | Reached skill level 1 in Invocations
  7851 | D:9      | HP: 11/61 [yak (15)]
  7852 | D:9      | Reached skill level 2 in Invocations
  7857 | D:9      | HP: 2/61 [yak (11)]
  7858 | D:9      | Elyvilon protects you from harm!
  7870 | D:9      | Reached skill level 3 in Invocations
  8312 | D:9      | Reached skill level 4 in Invocations
  8331 | D:9      | Reached skill level 5 in Invocations
  8481 | D:9      | Reached skill level 6 in Invocations
  8567 | D:10     | Entered Level 10 of the Dungeon
  8765 | D:10     | Reached skill level 7 in Invocations
  8765 | D:10     | Reached XP level 11. HP: 58/66 MP: 10/16
  8777 | D:10     | Found a staircase to the Lair.
  8862 | D:10     | Reached skill level 8 in Invocations
  8925 | D:10     | Found a staircase to the Orcish Mines.
  9352 | D:10     | Reached skill level 9 in Invocations
  9515 | D:11     | Noticed a manticore
  9520 | D:11     | Killed a manticore
  9569 | Lair:1   | Entered Level 1 of the Lair of Beasts
  9579 | Lair:1   | Reached *** piety under Elyvilon
  9594 | Lair:1   | Reached skill level 10 in Invocations
  9818 | Lair:1   | Reached skill level 7 in Fighting
 10107 | D:4      | Bought a transparent robe for 114 gold pieces
 10107 | D:4      | Bought a glowing scarf for 160 gold pieces
 10117 | D:4      | Identified the cursed +1 robe of Teykalag {rPois Int+2
                  | Stlth-} (You bought it in a shop on level 4 of the Dungeon)
 10595 | Lair:1   | Reached skill level 1 in Shields
 10703 | Lair:1   | Reached skill level 9 in Short Blades
 11311 | Lair:2   | Found a staircase to the Snake Pit.
 11381 | Lair:2   | Reached skill level 10 in Stealth
 11381 | Lair:2   | Reached XP level 12. HP: 68/73 MP: 20/20
 11567 | Lair:2   | Reached **** piety under Elyvilon
 11705 | Lair:2   | Reached skill level 2 in Shields
 11795 | Lair:2   | Reached skill level 8 in Fighting
 12096 | Lair:3   | Noticed an eight-headed hydra
 12104 | Lair:3   | Pacified an eight-headed hydra
 12155 | Lair:3   | Noticed a six-headed hydra
 12157 | Lair:3   | Pacified a six-headed hydra
 12280 | Lair:3   | Reached skill level 3 in Shields
 12286 | Lair:3   | Reached skill level 10 in Short Blades
 12327 | Lair:3   | Reached skill level 11 in Stealth
 12649 | Lair:3   | Reached skill level 9 in Fighting
 12777 | Lair:3   | Reached skill level 4 in Shields
 12976 | Lair:4   | Got a slimy granite ring
 12977 | Lair:4   | Identified the ring "Qeifem" {+Blink MR+ Str+3 Dex-3
                  | Stlth+} (You found it on level 4 of the Lair of Beasts)
 13208 | Lair:4   | Noticed a six-headed hydra
 13217 | Lair:4   | Pacified a six-headed hydra
 13348 | Lair:4   | Got an ichor-stained robe
 13359 | Lair:4   | Identified the +1 robe of Context {Regen+ Int+2 Slay+6}
                  | (You found it on level 4 of the Lair of Beasts)
 13849 | Lair:4   | Found a staircase to the Shoals.
 14056 | Lair:4   | Reached skill level 8 in Dodging
 14241 | Lair:5   | Reached ***** piety under Elyvilon
 14267 | Lair:5   | Upgraded the game from 0.23-a0-449-g8e4cbf7 to
                  | 0.23-a0-451-g1044d4c
 14346 | Lair:5   | Reached skill level 5 in Shields
 14346 | Lair:5   | Reached XP level 13. HP: 79/82 MP: 21/21
 14359 | Lair:5   | Reached skill level 10 in Fighting
 14934 | Lair:5   | Got an iridescent falchion
 14935 | Lair:5   | Identified the +4 falchion of Dawn {venom, Fragile rElec
                  | rN+ Int+4} (You found it on level 5 of the Lair of Beasts)
 14970 | Lair:5   | Reached skill level 1 in Long Blades
 15050 | Lair:5   | Noticed a four-headed hydra
 15060 | Lair:5   | Pacified a five-headed hydra
 15075 | Lair:5   | Reached skill level 2 in Long Blades
 15325 | Lair:6   | Entered Level 6 of the Lair of Beasts
 15425 | Lair:6   | Reached skill level 3 in Long Blades
 15431 | Lair:6   | Noticed a five-headed hydra
 15445 | Lair:6   | Pacified a six-headed hydra
 15635 | Lair:6   | Noticed a catoblepas
 15645 | Lair:6   | Pacified a catoblepas
 15650 | Lair:6   | Reached skill level 4 in Long Blades
 15688 | Lair:6   | HP: 14/82 [elephant (19)]
 15703 | Lair:6   | HP: 14/82 [polar bear (17)]
 15708 | Lair:6   | HP: 4/82 [polar bear (13)]
 15710 | Lair:6   | Slain by a polar bear

Vault maps used:
D:1:      dpeg_arrival_round_b
D:2:      serial_co_window_serial, co_window_corner_a, co_window_corner_a,
          co_window_corner_a, co_window_paths_a, co_window_paths_a,
          co_window_corner_a, co_window_cross_1, co_window_corner_ca,
          co_window_corner_ca, co_window_2corner, co_window_cross_3,
          co_window_unsneaky_path_e, co_window_unsneaky_path_a,
          co_window_paths_d, glass_columns_a, glass_columns_b, glass_columns_a,
          glass_columns_a
D:3:      serial_glass, glass_columns_a, glass_columns_a
D:4:      serial_shops, nicolae_shop_stone
D:5:      first_ration, xom_redecorated
D:6:      makhleb_grotto_becter, minmay_misc_feat_hallway, tso_metal_star,
          uniq_menkaure
D:7:      minmay_temple_entry_offerings, grunt_livestock
D:8:      serial_shops, shop
D:10:     lair_entry_dummy, erik_orc_3, hangedman_glass_garden, billiards_dpeg
Temple:   roderic_octagonal_lattice_temple
Lair:1:   kb_forest_paths, grunt_forest_large_clearing_hut
Lair:2:   minmay_snake_entry_guardpost_small
Lair:4:   minmay_shoals_entry_hut
Lair:6:   gammafunk_lair_ancient_temple, dpeg_slime_entry_corner,
          serial_bayou_lake_a, minmay_lair_oklob_chamber

Skill      XL: |  1  2  3  4  5  6  7  8  9 10 11 12 13 |
---------------+----------------------------------------+-----
Stealth        | 2 3 5 8 9 10 11 | 11.0
Short Blades   | 2 3 5 7 8 9 10 | 10.0
Fighting       | 2 4 6 7 9 10 | 10.2
Slings         | 1 2 4 6 |  6.7
Dodging        | 3 4 6 7 8 |  8.7
Invocations    | 7 10 | 10.7
Shields        | 1 5 |  5.4
Long Blades    | 4 |  4.6
Evocations     | |  3.6

Action                   |  1- 3 |  4- 6 |  7- 9 | 10-12 | 13-15 || total
-------------------------+-------+-------+-------+-------+-------++-------
Melee: Short sword       |    84 |    43 |       |       |       ||   127
       Dagger            |       |       |   194 |   785 |    44 ||  1023
       Falchion          |       |       |       |       |    69 ||    69
 Fire: Hunting sling     |    25 |   166 |   163 |     9 |       ||   363
Throw: Stone             |       |     3 |       |       |       ||     3
Invok: Heal Other        |       |       |       |     9 |     5 ||    14
       Greater Healing   |       |       |       |       |     1 ||     1
Evoke: Wand              |     4 |     5 |     2 |       |       ||    11
  Use: Scroll            |     1 |    11 |     6 |    13 |     2 ||    33
       Potion            |       |       |       |     4 |       ||     4
 Stab: Sleeping          |     3 |     1 |     2 |    27 |     5 ||    38
       Distracted        |       |       |       |     3 |       ||     3
  Eat: Chunk             |     5 |     4 |     3 |    27 |     8 ||    47
       Ration            |       |       |     3 |     3 |       ||     6
Armor: Leather armour    |    23 |    22 |     4 |       |       ||    49
       Troll leather arm |       |       |    36 |    73 |       ||   109
       Skin              |       |       |       |    33 |       ||    33
       Chain mail        |       |       |       |     9 |       ||     9
       Robe              |       |       |       |     3 |    16 ||    19
Dodge: Dodged            |    56 |    79 |   188 |   435 |   123 ||   881
       Deflected         |       |       |       |     2 |       ||     2
Block: Buckler           |       |       |       |    44 |    42 ||    86
       Rpst.: Falchion   |       |       |       |       |    19 ||    19

Table legend:
 A = Non-vault XP
 B = Vault XP
 C = Vault XP percentage of total XP
 D = Non-vault monster count
 E = Vault monster count
 F = Vault count percentage of total count
                 A         B        C        D         E       F
            +---------+---------+-------+---------+---------+-------
      Total |   22452 |    6874 |  23.4 |     254 |      51 |  16.7
            +---------+---------+-------+---------+---------+-------
        D:1 |      18 |       0 |   0.0 |       9 |       0 |   0.0
        D:2 |      99 |       0 |   0.0 |      28 |       0 |   0.0
        D:3 |      98 |       0 |   0.0 |      10 |       0 |   0.0
        D:4 |     209 |       0 |   0.0 |      15 |       0 |   0.0
        D:5 |     623 |       0 |   0.0 |      31 |       0 |   0.0
        D:6 |     638 |     215 |  25.2 |       9 |       2 |  18.2
        D:7 |    1570 |     553 |  26.0 |      32 |       4 |  11.1
        D:8 |     256 |       0 |   0.0 |       7 |       0 |   0.0
        D:9 |    2893 |       0 |   0.0 |      23 |       0 |   0.0
       D:10 |    1954 |     717 |  26.8 |      27 |      19 |  41.3
       D:11 |     550 |       0 |   0.0 |       2 |       0 |   0.0
     Lair:1 |    1158 |    3501 |  75.1 |       7 |      16 |  69.6
     Lair:2 |    1899 |     505 |  21.0 |       7 |       3 |  30.0
     Lair:3 |    3590 |       0 |   0.0 |      18 |       0 |   0.0
     Lair:4 |    1986 |     262 |  11.7 |       9 |       1 |  10.0
     Lair:5 |    3872 |       0 |   0.0 |      15 |       0 |   0.0
     Lair:6 |    1039 |    1121 |  51.9 |       5 |       6 |  54.5
            +---------+---------+-------+---------+---------+-------

Vault maps used:
D:1:      dpeg_arrival_round_b
D:2:      serial_co_window_serial, co_window_corner_a, co_window_corner_a,
          co_window_corner_a, co_window_paths_a, co_window_paths_a,
          co_window_corner_a, co_window_cross_1, co_window_corner_ca,
          co_window_corner_ca, co_window_2corner, co_window_cross_3,
          co_window_unsneaky_path_e, co_window_unsneaky_path_a,
          co_window_paths_d, glass_columns_a, glass_columns_b, glass_columns_a,
          glass_columns_a
D:3:      serial_glass, glass_columns_a, glass_columns_a
D:4:      serial_shops, nicolae_shop_stone
D:5:      first_ration, xom_redecorated
D:6:      makhleb_grotto_becter, minmay_misc_feat_hallway, tso_metal_star,
          uniq_menkaure
D:7:      minmay_temple_entry_offerings, grunt_livestock
D:8:      serial_shops, shop
D:10:     lair_entry_dummy, erik_orc_3, hangedman_glass_garden, billiards_dpeg
Temple:   roderic_octagonal_lattice_temple
Lair:1:   kb_forest_paths, grunt_forest_large_clearing_hut
Lair:2:   minmay_snake_entry_guardpost_small
Lair:4:   minmay_shoals_entry_hut
Lair:6:   gammafunk_lair_ancient_temple, dpeg_slime_entry_corner,
          serial_bayou_lake_a, minmay_lair_oklob_chamber

Table legend:
 A = Turns spent in this place as a percentage of turns spent in the entire game.
 B = Non-inter-level travel turns spent in this place as a percentage of non-inter-level travel turns spent in the entire game.
 C = Inter-level travel turns spent in this place as a percentage of turns spent in this place.
 D = Turns resting spent in this place as a percentage of non-inter-level travel turns spent in this place.
 E = Turns spent auto-exploring this place as a percentage of non-inter-level travel turns spent in this place.
 F = Non-inter-level travel turns spent in this place divided by the number of levels of this place that you've seen.
                   A       B       C       D       E      F
               +-------+-------+-------+-------+-------+----------------------
         Total | 100.0 | 100.0 |   6.5 |  14.7 |  61.5 | 815.9
       Dungeon |  60.8 |  60.2 |   7.4 |  13.3 |  62.0 | 804.3
        Temple |   1.9 |   1.7 |  19.3 |   0.0 |  98.4 | 243.0
          Lair |  37.3 |  38.1 |   4.4 |  17.5 |  59.2 | 932.7
               +-------+-------+-------+-------+-------+----------------------

Table legend:
 A = Kills in this place as a percentage of kills in entire the game.
 B = Kills by you in this place as a percentage of kills by you in the entire game.
 C = Kills by friends in this place as a percentage of kills by friends in the entire game.
 D = Other kills in this place as a percentage of other kills in the entire game.
 E = Experience gained in this place as a percentage of experience gained in the entire game.
 F = Experience gained in this place divided by the number of levels of this place that you have seen.
                   A       B       C       D       E      F
               +-------+-------+-------+-------+-------+----------------------
         Total | 100.0 | 100.0 | 100.0 | 100.0 | 100.0 | 1629.2
       Dungeon |  71.5 |  71.5 | 100.0 |  50.0 |  35.4 | 944.8
          Lair |  28.5 |  28.5 |   0.0 |  50.0 |  64.6 | 3155.5
               +-------+-------+-------+-------+-------+----------------------
